 Dungeon Crawl Stone Soup version 0.27-a0-899-ge2d0b17c59 (webtiles) character file.

Game seed: 11626402497561932666

190 siradein the Ruffian (level 5, -2/48 HPs)
             Began as a Troll Hunter on Apr 5, 2021.
             Slain by Duvessa
             ... wielding a +0 short sword
              (13 damage)
             ... on level 4 of the Dungeon.
             The game lasted 00:09:02 (2370 turns).

siradein the Ruffian (Troll Hunter)                 Turns: 2370, Time: 00:09:02

Health: -2/48      AC:  4    Str: 21    XL:     5   Next: 41%
Magic:  4/4        EV: 10    Int:  7    God:
Gold:   121        SH:  0    Dex: 16    Spells: 4/4 levels left

rFire    . . .     SeeInvis .     - Unarmed
rCold    . . .     Faith    .   (no shield)
rNeg     . . .     Spirit   .   b - +0 robe
rPois    .         Reflect  .   (helmet restricted)
rElec    .         Harm     .   (no cloak)
rCorr    .         Rampage  .   (gloves unavailable)
Will     +....                  (boots unavailable)
Stlth    ++........             (no amulet)
HPRegen  1.16/turn              a - +6 ring of dexterity
MPRegen  0.09/turn              e - ring of willpower

@: no status effects
A: large, unfitting armour, claws 3, regeneration 1, shaggy fur 1, tough skin 1
a: no special abilities


You were on level 4 of the Dungeon.
You visited 1 branch of the dungeon, and saw 4 of its levels.

You collected 121 gold pieces.

Inventory:

Missiles
 c - 5 large rocks
 d - a throwing net (quivered)
 n - 6 curare-tipped darts
Armour
 b - a +0 robe (worn)
Jewellery
 a - a +6 ring of dexterity (left claw)
 e - a ring of willpower (right claw)
 i - a ring of positive energy
 j - a ring of fire
Scrolls
 g - a scroll of amnesia {unknown}
 h - a scroll of brand weapon {unknown}
 k - a scroll of fog {unknown}
 m - a scroll of teleportation {unknown}
Potions
 f - 2 potions of brilliance
 l - a potion of lignification {unknown}
 o - a potion of curing {unknown}


   Skills:
 - Level 1.5 Fighting
 - Level 3.6 Throwing
 - Level 1.5 Dodging
 - Level 0.3 Stealth
 + Level 5.2 Unarmed Combat


You had 4 spell levels left.
You didn't know any spells.
Your spell library contained the following spells:

 Spells                   Type           Power      Damage    Failure   Level
 Foxfire                  Conj/Fire      0%         2x1d4     43%         1
 Sting                    Tmut/Pois      0%         1d3       43%         1


Dungeon Overview and Level Annotations

Branches:
Dungeon (4/15)
 Temple: D:4-7

Altars:
Sif Muna
Trog

Annotations:
D:4 Duvessa


Innate Abilities, Weirdness & Mutations

You are too large for most types of armour.
You have claws for hands.
Your natural rate of healing is unusually fast.
You are covered in fur. (AC +1)
You have tough skin. (AC +1)


Message History

You kill Dowan!
You hear a distant scream of rage.
Your Unarmed Combat skill increases to level 5!
You start resting.
HP restored.
Things that are here:
a +0 dagger; a +0 robe You pick up Sif Muna's Disquisition on Toxins and Ignition and begin reading...
You add the spells Foxfire and Sting to your library.
There is an empty arch of ancient stone here.
Duvessa shouts!
Duvessa goes berserk!
Found a bloodstained altar of Trog.
There is an empty arch of ancient stone here.
You hear a shout!
Duvessa barely misses you.
Throw: 2 throwing nets
Press: ? - help, Q - select action, (/) - cycle Shift-Dir - straight line, f - Duvessa
Aim: Duvessa, wielding a +0 short sword and wearing a +0 ring mail (berserk, 68% to hit)
You throw a throwing net. The throwing net hits Duvessa.
Duvessa is caught in the net!
Duvessa struggles against the net.
You claw Duvessa!
Duvessa is moderately wounded.
Duvessa struggles against the net.
You scratch Duvessa.
Duvessa is moderately wounded.
Duvessa struggles against the net.
The net rips apart, and Duvessa comes free!
Duvessa hits you with a +0 short sword!
You claw Duvessa!
Duvessa is heavily wounded.
Duvessa hits you with a +0 short sword!!
You closely miss Duvessa.
Duvessa is heavily wounded.
Duvessa hits you with a +0 short sword!
* * * LOW HITPOINT WARNING * * *
Duvessa barely misses you. Duvessa hits you with a +0 short sword!
You die...

..######_..##
..##..##....##
...#...###...##
.....e..###...##
.....#...#∩#..)###
.....##.e.###....#
...#..##...###...#
......###....##e.#
.....## ##.)_###@#
.....### #..##..#
.......## ####.##
..##.#..# #..#
....##..# ##.##
........#####..#
..............##
...##...#######
... #....


You could see Duvessa (berserk).

Vanquished Creatures
  Dowan (D:4)
  Jessica (D:2)
  A hound skeleton (D:4)
  2 adders
  3 gnolls (D:2)
  A worm (D:2)
  2 bats
  5 endoplasms
  2 goblins
  7 hobgoblins
  7 jackals
  9 kobolds
  5 quokkas
  2 ball pythons
  3 frilled lizards
  2 rats
53 creatures vanquished.

Notes
Turn   | Place    | Note
-------+----------+-------------------------------------------
     0 | D:1      | siradein the Troll Hunter began the quest for the Orb.
     0 | D:1      | Reached XP level 1. HP: 19/19 MP: 0/0
   159 | D:1      | Reached skill level 1 in Unarmed Combat
   712 | D:1      | Reached XP level 2. HP: 27/27 MP: 1/1
   921 | D:2      | Reached skill level 2 in Unarmed Combat
  1132 | D:2      | Reached XP level 3. HP: 23/33 MP: 2/2
  1160 | D:2      | Reached skill level 3 in Unarmed Combat
  1466 | D:2      | Noticed Jessica
  1475 | D:2      | Killed Jessica
  1476 | D:2      | Reached skill level 4 in Unarmed Combat
  1476 | D:2      | Reached XP level 4. HP: 41/41 MP: 3/3
  2242 | D:4      | Reached XP level 5. HP: 48/48 MP: 4/4
  2297 | D:4      | Noticed Duvessa
  2320 | D:4      | Found a shimmering blue altar of Sif Muna.
  2320 | D:4      | Noticed Dowan
  2334 | D:4      | Killed Dowan
  2335 | D:4      | Reached skill level 5 in Unarmed Combat
  2351 | D:4      | Identified Sif Muna's Disquisition on Toxins and Ignition
  2357 | D:4      | Found a bloodstained altar of Trog.
  2370 | D:4      | Slain by Duvessa

Illustrated notes

Levels and vault maps discovered:
D:1:      saegor_arrival_simple_a, layout_loops_ring, serial_co_window_serial,
          co_window_cross_1, co_window_paths_a, co_window_of_opportunity_a,
          co_window_paths_b, co_window_paths_a, co_window_corner_b,
          co_window_broadway_a, co_window_2corner, co_window_paths_e,
          glass_columns_a, glass_columns_a, glass_columns_b, glass_columns_b,
          glass_columns_b
D:2:      layout_basic, uniq_jessica
D:3:      layout_rooms, minmay_misc_feat_enclosed
D:4:      layout_cave_pools, nzn_overflow_gifts_of_might_and_magic,
          minmay_temple_entry_ruins

Skill      XL: |  1  2  3  4  5 |
---------------+----------------+-----
Unarmed Combat | 1 2 4 5 |  5.2
Fighting       | |  1.5
Throwing       | |  3.6
Dodging        | |  1.5
Stealth        | |  0.3

Action                   |  1- 3 |  4- 6 || total
-------------------------+-------+-------++-------
Melee: Unarmed           |    60 |    69 ||   129
       Punch             |     1 |       ||     1
Throw: Throwing net      |       |     1 ||     1
  Use: Scroll            |       |     2 ||     2
 Stab: Sleeping          |       |     7 ||     7
Armor: Robe              |    13 |    11 ||    24
Dodge: Dodged            |    22 |    29 ||    51

Table legend: (Time is in decaauts)
 A = Elapsed time spent in this place.
 B = Non-inter-level travel time spent in this place.
 C = Inter-level travel time spent in this place.
 D = Time resting spent in this place.
 E = Time spent auto-exploring this place.
 F = Levels seen in this place.
 G = Mean time per level.
                   A        B        C        D        E       F      G
               +--------+--------+--------+--------+--------+-----+--------+
         Total |   2359 |   2298 |     61 |     19 |   1888 |   4 |  589.8 |
       Dungeon |   2359 |   2298 |     61 |     19 |   1888 |   4 |  589.8 |
               +--------+--------+--------+--------+--------+-----+--------+

Top non-repeatable levels by time:
     D:2: 997 daAuts
     D:1: 868 daAuts
     D:3: 315 daAuts
     D:4: 178 daAuts
